[Event "Titled Tuesday Blitz May 03 Late 2022"]
[White "Richter, Nils"]
[Black "Remolar Gallen, Jose"]
[WhiteFideId "12990809"]
[BlackFideId "2215187"]
[WhiteElo "2243"]
[BlackElo "2205"]
[Result "1-0"]
[Round "09"]
[TimeControl "180+1"]
[Date "2022.05.03"]
[WhiteClock "0:00:59"]
[BlackClock "0:00:02"]

1. e4 c5 2. Nf3 d6 3. d4 cxd4 4. Nxd4 Nf6 5. Nc3 a6 6. g3 e5 7. Nde2 Be7 8. Bg2 O-O 9. a4 Be6 10. O-O Nc6 11. Be3 Rc8 12. Nd5 Bxd5 13. exd5 Nb4 14. c3 Qa5 15. cxb4 Qxb4 16. Nc3 Qxb2 17. Ne4 Nxe4 18. Bxe4 f5 19. Bg2 Bf6 20. Rb1 Qa3 21. Qb3 Qxb3 22. Rxb3 Rc4 23. a5 f4 24. Bb6 g5 25. Bh3 h5 26. Be6+ Kg7 27. Rbb1 e4 28. Rbc1 Bc3 29. Rc2 e3 30. Rfc1 fxg3 31. hxg3 Bd2 32. Rxc4 e2 33. Rc7+ Kg6 34. Rb1 Rf3 35. Rc2 Rb3 36. Re1 Bxe1 37. Rxe2 Bc3 38. Bc8 1-0


[Site "https://www.chess.com"]

[Event "Titled Tuesday Blitz May 03 Late 2022"]
[White "Romero Ruscalleda, Josep"]
[Black "Prohorov, Olexandr"]
[WhiteFideId "2231859"]
[BlackFideId "14105578"]
[WhiteElo "2282"]
[BlackElo "1993"]
[Result "0-1"]
[Round "09"]
[TimeControl "180+1"]
[Date "2022.05.03"]
[WhiteClock "0:00:01"]
[BlackClock "0:00:02"]

1. e4 c5 2. c3 Nf6 3. e5 Nd5 4. Nf3 Nc6 5. Bc4 Nb6 6. Bb3 d5 7. exd6 Qxd6 8. O-O c4 9. Bc2 Bg4 10. Qe2 e6 11. b3 cxb3 12. axb3 Be7 13. d4 O-O 14. Nbd2 Qc7 15. Ne4 Bxf3 16. Qxf3 Nxd4 17. cxd4 Qxc2 18. Bf4 Nd5 19. Rfc1 Qb2 20. Be5 Rac8 21. Rcb1 Qc2 22. Qg4 g6 23. Nd6 Bxd6 24. Bxd6 Rfd8 25. Be5 a6 26. h4 h5 27. Qh3 Rc3 28. f3 Rxb3 29. Rxb3 Qxb3 30. Qg3 Qe3+ 31. Kh1 Rc8 32. Re1 Rc1 33. Rxc1 Qxc1+ 34. Kh2 a5 35. Qf2 a4 36. Qa2 Qc6 37. Qa3 b5 38. Qd3 a3 39. Qxa3 b4 40. Qb2 f6 41. Bg3 Kg7 42. Qa2 Qb7 43. Qb3 Qb5 44. Bd6 Qa6 45. Bc5 Qb5 46. Qb1 b3 47. Ba3 Nc3 48. Qe1 Qc4 49. Bb2 Na4 50. Ba1 b2 0-1


[Site "https://www.chess.com"]

[Event "Titled Tuesday Blitz May 03 Late 2022"]
[White "Rytenko, Vsevolod"]
[Black "Itkis, Boris"]
[WhiteFideId "14133040"]
[BlackFideId "1209167"]
[WhiteElo "2120"]
[BlackElo "2207"]
[Result "1-0"]
[Round "09"]
[TimeControl "180+1"]
[Date "2022.05.03"]
[WhiteClock "0:01:32"]
[BlackClock "0:00:04"]

1. e4 e5 2. Nf3 Nc6 3. Bb5 a6 4. Ba4 d6 5. O-O Bd7 6. Re1 Nge7 7. c3 Ng6 8. d4 Be7 9. d5 Nb8 10. Bxd7+ Qxd7 11. c4 O-O 12. Nc3 a5 13. Qd3 Na6 14. Be3 f5 15. exf5 Rxf5 16. Nd2 Raf8 17. a3 Bg5 18. Nde4 Bxe3 19. fxe3 R5f7 20. Ng5 Nc5 21. Qe2 Rf5 22. Nce4 b6 23. Qh5 h6 24. Qxg6 hxg5 25. Nxg5 Rxg5 26. Qxg5 Nd3 27. Rf1 Nxb2 28. Rxf8+ Kxf8 29. Rf1+ Kg8 30. Qh4 Na4 31. g4 Nc5 32. g5 Qe8 33. Qg4 Qg6 34. h4 Qe4 35. Qxe4 Nxe4 36. g6 Nd2 37. Rf7 Nxc4 38. Rxc7 1-0


[Site "https://www.chess.com"]

[Event "Titled Tuesday Blitz May 03 Late 2022"]
[White "Sanchez Alvares, Kelvin Antonio"]
[Black "Vega Gutierrez, Sabrina"]
[WhiteFideId "3906680"]
[BlackFideId "2219026"]
[WhiteElo "2193"]
[BlackElo "2286"]
[Result "0-1"]
[Round "09"]
[TimeControl "180+1"]
[Date "2022.05.03"]
[WhiteClock "0:00:10"]
[BlackClock "0:01:02"]

1. d4 d5 2. c4 e6 3. Nf3 c6 4. Nc3 dxc4 5. a4 Bb4 6. e3 b5 7. Bd2 a5 8. axb5 Bxc3 9. Bxc3 cxb5 10. b3 Bb7 11. bxc4 b4 12. Bb2 Nf6 13. Bd3 O-O 14. O-O Nbd7 15. Qc2 Qc7 16. e4 e5 17. Nxe5 Nxe5 18. dxe5 Nd7 19. f4 Nc5 20. Rfe1 Rfd8 21. Bf1 a4 22. e6 fxe6 23. Be5 Qb6 24. Qf2 a3 25. Bd4 Rxd4 26. Qxd4 b3 27. Kh1 b2 28. Rab1 Qb4 29. Re3 a2 30. Rg3 g6 31. Qf6 Bxe4 32. Re1 b1=Q 0-1


[Site "https://www.chess.com"]

[Event "Titled Tuesday Blitz May 03 Late 2022"]
[White "Sarana, Alexey"]
[Black "Herrera Reyes, Jose Antonio"]
[WhiteFideId "24133795"]
[BlackFideId "2274914"]
[WhiteElo "2666"]
[BlackElo "2361"]
[Result "0-1"]
[Round "09"]
[TimeControl "180+1"]
[Date "2022.05.03"]
[WhiteClock "0:01:28"]
[BlackClock "0:00:05"]

1. d4 Nf6 2. c4 c5 3. d5 b5 4. cxb5 a6 5. bxa6 e6 6. Nc3 exd5 7. Nxd5 Be7 8. Nxe7 Qxe7 9. Bf4 O-O 10. Bd6 Qe8 11. Bxf8 Qxf8 12. e3 d5 13. Nf3 Nc6 14. Bb5 Ne7 15. O-O Bxa6 16. a4 Qb8 17. Qe2 Bb7 18. Rfd1 h6 19. Rac1 Qa7 20. b3 Rd8 21. Ne5 Qb8 22. Nd3 c4 23. bxc4 dxc4 24. Rxc4 Bd5 25. Rcc1 Bb3 26. Re1 Nf5 27. Nc5 Bd5 28. e4 Nd4 29. Qe3 Nxb5 30. axb5 Ba8 31. Rb1 Rc8 32. Rec1 Qe5 33. Nd3 Rxc1+ 34. Rxc1 Qb8 35. b6 Bxe4 36. Nc5 Bc6 37. b7 Bxb7 38. Rb1 Ng4 39. Qg3 Qxg3 40. hxg3 Bd5 41. f3 Nf6 42. g4 g5 43. Rb6 Kg7 44. Nd3 Bc4 45. Ne5 Be6 46. Kf2 Nd5 47. Nd3 Nxb6 48. Nc5 Kf6 49. Ke3 Nd5+ 50. Kf2 Nf4 51. Ne4+ Ke5 52. Nc5 Bc4 53. Nd7+ Ke6 54. Nc5+ Kd5 55. Ne4 Ke5 56. Ng3 Bd3 57. Nh1 Bg6 58. Ng3 Nd3+ 59. Ke3 Nf4 60. Kf2 f5 61. gxf5 Bxf5 62. Nf1 Nd3+ 63. Ke3 Ne1 64. Kf2 Nc2 65. Ng3 Nd4 66. Ke3 Ne6 67. Nf1 Nf4 68. Kf2 h5 69. Ne3 Be6 70. Nf1 h4 71. g3 Nd3+ 72. Kg2 Ne1+ 73. Kf2 Nxf3 74. Kxf3 g4+ 75. Kf2 h3 76. Ne3 Ke4 77. Nf1 Kf5 78. Nh2 Bd5 79. Ke3 Bg2 80. Kd3 Ke5 81. Nxg4+ Kf5 82. Nh2 Kg5 83. Ke3 Kf5 84. Kf2 Kg5 85. Ke2 Kf5 86. Ke3 Kg5 87. Kd3 Kf5 88. Kd4 Kg5 89. Ke5 Kg6 90. Kf4 Kf6 91. Kg4 Kg6 92. Kh4 Kf5 93. g4+ Kf4 94. g5 Kf5 95. Kh5 Kf4 96. g6 Kg3 97. g7 Bd5 98. Ng4 Bg8 99. Kg5 Ba2 100. Kf5 Bb1+ 101. Ke5 Ba2 102. Ne3 Kf3 103. Nf1 Kf2 104. Ne3 Kxe3 105. Kf5 Bg8 106. Kf6 h2 107. Ke7 h1=Q 108. Kf8 Qd5 109. Ke7 Qf7+ 110. Kd6 Qxg7 111. Kc5 Qf7 112. Kb4 Qc4+ 113. Ka3 Qb3# 0-1


[Site "https://www.chess.com"]

[Event "Titled Tuesday Blitz May 03 Late 2022"]
[White "Sernecki, Franciszek"]
[Black "Bernal Moro, Luis Javier"]
[WhiteFideId "1169297"]
[BlackFideId "2200236"]
[WhiteElo "2165"]
[BlackElo "2373"]
[Result "0-1"]
[Round "09"]
[TimeControl "180+1"]
[Date "2022.05.03"]
[WhiteClock "0:00:00"]
[BlackClock "0:00:11"]

1. d4 Nf6 2. c4 g6 3. Nc3 Bg7 4. e4 d6 5. Bg5 h6 6. Be3 Ng4 7. Bc1 e5 8. h3 exd4 9. Nd5 Ne5 10. Nf3 Nbc6 11. Be2 O-O 12. O-O Re8 13. Re1 Nxf3+ 14. Bxf3 Ne5 15. Be2 c6 16. Nf4 Nd7 17. Bg4 Nc5 18. Bxc8 Rxc8 19. f3 a5 20. Nd3 Nxd3 21. Qxd3 d5 22. Bd2 dxe4 23. Rxe4 Rxe4 24. Qxe4 d3 25. Rd1 Qd4+ 26. Qxd4 Bxd4+ 27. Kf1 Bxb2 28. Bxh6 Rd8 29. Kf2 Rd4 30. Be3 Rxc4 31. Rxd3 Rc2+ 32. Kg3 a4 33. Rd8+ Kg7 34. Rd7 b5 35. h4 Bf6 36. Rd2 Rc4 37. f4 b4 38. Kg4 b3 39. axb3 axb3 40. g3 b2 41. Rd1 Rc2 42. h5 gxh5+ 43. Kxh5 c5 44. Kg4 c4 45. Kf5 c3 46. g4 Re2 47. g5 Bxg5 48. Bd4+ Kg8 49. fxg5 Rd2 0-1


[Site "https://www.chess.com"]

[Event "Titled Tuesday Blitz May 03 Late 2022"]
[White "Shimanov, Aleksandr"]
[Black "Martinez Alcantara, Jose Eduardo"]
[WhiteFideId "4198603"]
[BlackFideId "3805662"]
[WhiteElo "2636"]
[BlackElo "2690"]
[Result "0-1"]
[Round "09"]
[TimeControl "180+1"]
[Date "2022.05.03"]
[WhiteClock "0:00:01"]
[BlackClock "0:00:12"]

1. d4 Nf6 2. Nf3 e6 3. Bf4 d5 4. e3 Bd6 5. Nbd2 c5 6. c3 cxd4 7. Bxd6 dxc3 8. Ba3 cxd2+ 9. Nxd2 Nc6 10. Bb5 Bd7 11. Bxc6 Bxc6 12. O-O Ne4 13. Nxe4 dxe4 14. Qg4 Qf6 15. Rfd1 Qe5 16. Bd6 h5 17. Bxe5 hxg4 18. Bxg7 Rh5 19. Bf6 Rf5 20. Bc3 f6 21. Rd6 Kf7 22. Rad1 Rh8 23. Rd8 Rfh5 24. Rxh8 Rxh8 25. Rd6 Ke7 26. Bb4 Kf7 27. Bc3 a6 28. a3 Ke7 29. Bb4 Kf7 30. Bc3 e5 31. Bb4 Rc8 32. Bc3 Ke7 33. Bb4 Kf7 34. Bc3 Bb5 35. h4 gxh3 36. gxh3 Rg8+ 37. Kh2 Bf1 38. Rd1 Be2 39. Rg1 Rh8 40. Rg3 Bf3 41. Rg1 Be2 42. Rg3 b6 43. Rg1 a5 44. Rg3 Rh7 45. Rg1 Rh6 46. Rg3 Ke6 47. Rg8 Bf1 48. Rg3 Kd5 49. Be1 Kc4 50. Bc3 Kb3 51. Kg1 Bxh3 52. Rg7 Kc4 53. Rg8 Kb5 54. Rg7 Be6 55. Kg2 Bc4 56. Kg3 Be2 57. Rg8 Kc6 58. Rg7 Bc4 59. Kg2 Bd5 60. Kg3 a4 61. Kg2 b5 62. Kg3 Bc4 63. Kg2 Kd5 64. Kg3 Ke6 65. Kg2 Kf5 66. Kg3 Bf1 67. Rg8 Rh1 68. Rc8 Rg1+ 69. Kh4 Rg4+ 70. Kh5 Rg6 71. Kh4 Be2 72. Kh3 Rg4 73. Rh8 Bf1+ 74. Kh2 Ke6 75. Kh1 Be2 76. Kh2 Bf3 77. Kh3 Rg1 78. Rh4 Rg2 79. Bb4 Rxf2 0-1


[Site "https://www.chess.com"]

[Event "Titled Tuesday Blitz May 03 Late 2022"]
[White "Silvestre, Christian"]
[Black "Mirza, Diana"]
[WhiteFideId "30956269"]
[BlackFideId "2503999"]
[WhiteElo "2409"]
[BlackElo "1813"]
[Result "1/2-1/2"]
[Round "09"]
[TimeControl "180+1"]
[Date "2022.05.03"]
[WhiteClock "0:00:24"]
[BlackClock "0:00:19"]

1. d4 Nf6 2. Nf3 g6 3. c4 Bg7 4. Nc3 d5 5. cxd5 Nxd5 6. e4 Nxc3 7. bxc3 c5 8. Be3 O-O 9. h4 Nc6 10. h5 cxd4 11. cxd4 Bg4 12. hxg6 fxg6 13. Bc4+ e6 14. Qb3 Nxd4 15. Nxd4 Bxd4 16. Bxe6+ Bxe6 17. Qxe6+ Rf7 18. Rd1 Bc3+ 19. Ke2 Qf6 20. Qxf6 Bxf6 21. Rd2 Bc3 22. Rc2 Be5 23. Rhc1 b5 24. Bh6 Bg7 25. Bxg7 Kxg7 26. Rc7 Rf8 27. f4 Kh6 28. g3 Kg7 29. Ke3 Rxc7 30. Rxc7+ Rf7 31. Rxf7+ Kxf7 32. Kd4 Ke6 33. Kc5 h6 34. Kxb5 g5 35. f5+ Ke5 36. Kc6 h5 37. Kd7 h4 38. gxh4 gxh4 39. Ke7 h3 40. f6 h2 41. f7 h1=Q 42. f8=Q Qh4+ 43. Kd7 Qg4+ 44. Kc7 Qe6 45. Qc5+ Kxe4 46. Qxa7 Qe5+ 47. Kb6 Qd4+ 48. Kb7 Qxa7+ 49. Kxa7 Kd5 50. Ka6 Kc6 51. Ka5 Kb7 52. a4 Ka8 53. Kb5 Kb8 54. a5 Ka8 55. Kc5 Ka7 56. Kb5 Ka8 57. Kb4 Ka7 58. Ka4 Ka8 59. Kb5 Ka7 60. Kc5 Ka8 61. Kb6 Kb8 62. Ka6 Ka8 63. Kb6 Kb8 64. a6 Ka8 65. Ka5 Ka7 66. Kb5 Ka8 67. Ka5 Ka7 68. Kb5 Ka8 69. Kb6 Kb8 70. Kc6 Ka8 71. Kb6 Kb8 72. Ka5 Ka8 73. Kb5 Ka7 74. Ka5 Ka8 75. Kb5 Ka7 76. Ka5 Ka8 1/2-1/2


[Site "https://www.chess.com"]

[Event "Titled Tuesday Blitz May 03 Late 2022"]
[White "Simonovic, Miroslav"]
[Black "Yurovskykh, Oleksandr"]
[WhiteFideId "919152"]
[BlackFideId "14134020"]
[WhiteElo "2043"]
[BlackElo "2292"]
[Result "1-0"]
[Round "09"]
[TimeControl "180+1"]
[Date "2022.05.03"]
[WhiteClock "0:00:12"]
[BlackClock "0:00:01"]

1. d4 d5 2. Bg5 h6 3. Bh4 Nf6 4. Bxf6 exf6 5. e3 Be7 6. a3 O-O 7. c4 c6 8. Nc3 Be6 9. cxd5 Bxd5 10. Nxd5 Qxd5 11. Ne2 Qa5+ 12. Nc3 Nd7 13. b4 Qc7 14. g3 Nb6 15. Bg2 Rad8 16. O-O Rfe8 17. Qc2 Qd7 18. Rfc1 Bd6 19. Ne4 Bb8 20. Nc5 Qe7 21. Nxb7 Qxb7 22. Bxc6 Qe7 23. Bxe8 Rxe8 24. Qc5 Qe4 25. Qc6 Qe7 26. a4 Rd8 27. a5 Nd5 28. b5 Nb4 29. Qc5 Bd6 30. Qf5 g6 31. Qh3 Kg7 32. Rc8 Rd7 33. b6 axb6 34. axb6 Rb7 35. Raa8 f5 36. Rg8+ Kf6 37. Qxh6 Rxb6 38. Qg7+ Ke6 39. Rae8 Nd5 40. Rxe7+ Nxe7 41. Rf8 Rb1+ 42. Kg2 f4 43. Qxf7+ Kd7 44. gxf4 Kc7 45. Re8 Kd7 46. Rg8 Rb2 47. Rxg6 Kc6 48. Re6 1-0


[Site "https://www.chess.com"]

[Event "Titled Tuesday Blitz May 03 Late 2022"]
[White "Smail, Benedict"]
[Black "Gurevich, Dmitry"]
[WhiteFideId "2050480"]
[BlackFideId "2000407"]
[WhiteElo "2070"]
[BlackElo "2506"]
[Result "1-0"]
[Round "09"]
[TimeControl "180+1"]
[Date "2022.05.03"]
[WhiteClock "0:00:07"]
[BlackClock "0:00:19"]

1. d4 Nf6 2. c4 a6 3. g3 c5 4. d5 b5 5. Bg2 d6 6. Nf3 g6 7. O-O Bg7 8. Nc3 b4 9. Na4 Bd7 10. Rb1 Qa5 11. b3 Bxa4 12. bxa4 Ne4 13. Bd2 Nc3 14. Bxc3 Bxc3 15. Bh3 O-O 16. Qc2 Ra7 17. Rfc1 Nd7 18. Bxd7 Rxd7 19. a3 Bf6 20. axb4 cxb4 21. Qb3 Rb8 22. Nd2 Rc7 23. Ne4 Bd4 24. e3 Bg7 25. h4 h6 26. Rc2 f5 27. Nd2 Rcb7 28. h5 g5 29. Rbc1 Bc3 30. Nb1 Bf6 31. c5 dxc5 32. d6+ Kg7 33. Rxc5 Qd8 34. dxe7 Qxe7 35. Rxf5 Rd8 36. Rd5 Rbd7 37. Rcd1 Rxd5 38. Rxd5 Rc8 39. Nd2 Rc1+ 40. Kg2 g4 41. Qd3 Rc7 42. Qg6+ Kf8 43. Rf5 Rc6 44. e4 Qg7 45. e5 Qxg6 46. hxg6 Kg7 47. exf6+ Rxf6 48. Rxf6 Kxf6 49. f4 gxf3+ 50. Kxf3 Kxg6 51. Kg4 Kf6 52. Kh5 Kg7 53. Nb3 Kh7 54. Nd4 Kg7 55. a5 Kh7 56. g4 Kg7 57. Kh4 Kf6 58. Kg3 Kg5 59. Kf3 Kf6 60. Kf4 Kg6 61. Nb3 Kf6 62. Nc5 Ke7 63. Nb3 Kd6 64. Kf5 Kd5 65. Kg6 Kc4 66. Nc1 Kd4 67. Kxh6 Ke3 68. g5 Kd2 69. Nb3+ Kc3 70. Nc5 Kc4 71. Na4 Kb3 72. Nb6 Ka3 73. g6 b3 74. g7 Kb4 75. g8=Q b2 76. Qa2 Kc3 77. Qb1 1-0


[Site "https://www.chess.com"]

[Event "Titled Tuesday Blitz May 03 Late 2022"]
[White "Stanisz, Patryk"]
[Black "Mohammadian, Mohammad"]
[WhiteFideId "1123106"]
[BlackFideId "12566055"]
[WhiteElo "1833"]
[BlackElo "1544"]
[Result "1-0"]
[Round "09"]
[TimeControl "180+1"]
[Date "2022.05.03"]
[WhiteClock "0:00:01"]
[BlackClock "0:00:04"]

1. Nf3 Nf6 2. d4 g6 3. Nc3 d5 4. h4 Bg7 5. Bf4 c6 6. Qd2 Bf5 7. g3 Nbd7 8. Ne5 Nxe5 9. dxe5 Ne4 10. Nxe4 Bxe4 11. f3 Bf5 12. g4 Bd7 13. h5 Qb6 14. O-O-O O-O-O 15. h6 Bf8 16. Qc3 e6 17. Be3 Qc7 18. Bg5 Re8 19. e4 Kb8 20. Be3 Ka8 21. exd5 exd5 22. Rxd5 Be6 23. Ra5 b6 24. Ra4 Bd7 25. Bd3 c5 26. Be4+ Kb8 27. Ra3 c4 28. e6 Bxa3 29. exd7 Bxb2+ 30. Kxb2 Qxd7 31. Bf4+ Kc8 32. Qxc4+ Kd8 33. Bg5+ Re7 34. Bc6 Qd6 35. Rh2 Qxh2 36. Qd5+ Kc8 37. Bxe7 1-0


[Site "https://www.chess.com"]

[Event "Titled Tuesday Blitz May 03 Late 2022"]
[White "Svane, Rasmus"]
[Black "Demchenko, Anton"]
[WhiteFideId "4657101"]
[BlackFideId "4160258"]
[WhiteElo "2645"]
[BlackElo "2539"]
[Result "0-1"]
[Round "09"]
[TimeControl "180+1"]
[Date "2022.05.03"]
[WhiteClock "0:00:03"]
[BlackClock "0:00:04"]

1. Nf3 Nf6 2. g3 g6 3. Bg2 Bg7 4. O-O O-O 5. d4 d6 6. Re1 Nbd7 7. e4 e5 8. Nc3 b6 9. Be3 Bb7 10. dxe5 dxe5 11. Nd2 Qe7 12. Qe2 c6 13. a4 a5 14. Red1 Ba6 15. Qe1 Ng4 16. Bf1 Bxf1 17. Nxf1 f5 18. Qd2 Rad8 19. exf5 gxf5 20. Qd6 Qxd6 21. Rxd6 f4 22. Bd2 Nc5 23. Rxc6 fxg3 24. fxg3 e4 25. Re1 Ne5 26. Rxc5 Nf3+ 27. Kh1 Nxe1 28. Bxe1 Rxf1+ 29. Kg2 Rxe1 30. Rg5 h6 31. Rg4 Rd2+ 32. Kh3 Rxc2 33. Nxe4 Kh7 34. Nd6 Ree2 35. Rf4 Rxh2+ 36. Kg4 h5+ 37. Kf5 Rhf2 38. Ne4 Rxf4+ 39. gxf4 Rxb2 40. Ng5+ Kg8 41. Kg6 Rf2 42. f5 h4 43. Ne4 Rf3 44. Ng5 Rf1 45. Ne4 h3 46. f6 Bxf6 0-1


[Site "https://www.chess.com"]

[Event "Titled Tuesday Blitz May 03 Late 2022"]
[White "Thybo, Jesper Sondergaard"]
[Black "Stevens, Christian"]
[WhiteFideId "1438832"]
[BlackFideId "2604450"]
[WhiteElo "2316"]
[BlackElo "2519"]
[Result "1-0"]
[Round "09"]
[TimeControl "180+1"]
[Date "2022.05.03"]
[WhiteClock "0:00:16"]
[BlackClock "0:00:02"]

1. Nf3 Nf6 2. b3 b6 3. Bb2 Bb7 4. g3 g6 5. Bxf6 exf6 6. Bg2 Bg7 7. O-O O-O 8. d4 d5 9. e3 c6 10. c4 dxc4 11. bxc4 c5 12. Nc3 f5 13. Rc1 cxd4 14. exd4 Nc6 15. Ne2 Rc8 16. d5 Na5 17. Nd2 b5 18. cxb5 Rxc1 19. Nxc1 Bxd5 20. a4 Bxg2 21. Kxg2 Qd5+ 22. Nf3 Rd8 23. Qxd5 Rxd5 24. Ne2 Nc4 25. Rc1 Nb2 26. Rc8+ Bf8 27. Nc3 Rc5 28. Rxc5 Bxc5 29. a5 Nc4 30. a6 f6 31. Na4 Bb6 32. Nd2 Nd6 33. Nxb6 Nxb5 34. Nd7 Kf7 35. Nc4 Nc7 36. Nc5 Ke7 37. Kf3 g5 38. g4 fxg4+ 39. Kxg4 Kf7 40. Kh5 1-0


[Site "https://www.chess.com"]

[Event "Titled Tuesday Blitz May 03 Late 2022"]
[White "Toncheva, Nadya"]
[Black "Skytte, Rasmus"]
[WhiteFideId "2924056"]
[BlackFideId "1404210"]
[WhiteElo "1884"]
[BlackElo "2430"]
[Result "1-0"]
[Round "09"]
[TimeControl "180+1"]
[Date "2022.05.03"]
[WhiteClock "0:00:01"]
[BlackClock "0:00:01"]

1. e4 c6 2. d4 d5 3. Nc3 dxe4 4. Nxe4 Nf6 5. Nxf6+ exf6 6. c3 Bd6 7. Bd3 O-O 8. Qc2 Re8+ 9. Ne2 h5 10. Bd2 Nd7 11. O-O-O Nf8 12. Ng3 h4 13. Nf5 Bxf5 14. Bxf5 b5 15. g3 a5 16. b3 b4 17. gxh4 a4 18. cxb4 axb3 19. Qxb3 Qb6 20. Bc3 Re2 21. Bc2 Ne6 22. Rhg1 Nf4 23. d5 Nxd5 24. Rxd5 cxd5 25. Bxf6 Qxf2 26. Rxg7+ Kf8 27. Qxd5 Rxc2+ 28. Kb1 Rc1+ 29. Kxc1 Bf4+ 30. Kb1 Qe1+ 31. Kc2 Qc1+ 32. Kd3 Qb1+ 33. Ke2 Qc1 34. Qxf7# 1-0


[Site "https://www.chess.com"]

[Event "Titled Tuesday Blitz May 03 Late 2022"]
[White "Trost, Edvin"]
[Black "Sliwicki, Damian"]
[WhiteFideId "1729519"]
[BlackFideId "1127128"]
[WhiteElo "2160"]
[BlackElo "2084"]
[Result "1-0"]
[Round "09"]
[TimeControl "180+1"]
[Date "2022.05.03"]
[WhiteClock "0:00:25"]
[BlackClock "0:00:02"]

1. d4 Nf6 2. c4 e6 3. g3 Bb4+ 4. Bd2 Qe7 5. Bg2 O-O 6. e4 d5 7. e5 Ne4 8. cxd5 exd5 9. Nc3 Nxd2 10. Qxd2 c6 11. Nge2 Bf5 12. O-O Nd7 13. a3 Ba5 14. b4 Bb6 15. h3 Kh8 16. g4 Bg6 17. f4 f6 18. Kh1 fxe5 19. dxe5 Rae8 20. f5 Qxe5 21. Nf4 Be3 22. Nxg6+ hxg6 23. Qd3 gxf5 24. gxf5 d4 25. Ne2 Nf6 26. Bf3 Nh7 27. Bg2 Rf6 28. Rf3 Ref8 29. Raf1 Ng5 30. Rg3 Rxf5 31. Rxf5 Rxf5 32. Rg4 Ne6 33. Ng3 Rf2 34. Qg6 Nf8 35. Rh4+ Bh6 36. Qd3 Kg8 37. Ne4 Ne6 38. Nxf2 Qe1+ 39. Qf1 Qe5 40. Ng4 Qg3 41. Nxh6+ gxh6 42. Rg4+ Qxg4 43. hxg4 Ng5 44. Qd1 1-0


[Site "https://www.chess.com"]

[Event "Titled Tuesday Blitz May 03 Late 2022"]
[White "Vasquez Schroeder, Rodrigo"]
[Black "Deac, Bogdan-Daniel"]
[WhiteFideId "3400042"]
[BlackFideId "1226380"]
[WhiteElo "2561"]
[BlackElo "2648"]
[Result "1-0"]
[Round "09"]
[TimeControl "180+1"]
[Date "2022.05.03"]
[WhiteClock "0:00:44"]
[BlackClock "0:00:03"]

1. e4 e5 2. Nf3 Nf6 3. d3 Nc6 4. c3 d5 5. Nbd2 a5 6. Be2 g6 7. O-O Bg7 8. Re1 O-O 9. Bf1 Re8 10. b3 d4 11. cxd4 Nxd4 12. Nxd4 Qxd4 13. Rb1 Qd8 14. Bb2 Nd7 15. Nf3 Nc5 16. h3 Qd6 17. Qc2 Ne6 18. Qc4 Rd8 19. Rbc1 c5 20. g3 b6 21. Red1 Ba6 22. Qc2 Bb7 23. Qc3 f6 24. Bg2 Bh6 25. Rc2 Rac8 26. Qe1 Kg7 27. h4 Nd4 28. Nxd4 cxd4 29. Re2 Rc7 30. Bh3 Bc8 31. Qf1 Bxh3 32. Qxh3 Rdc8 33. Rde1 Rc2 34. Qg4 Bd2 35. Rxd2 Rxd2 36. Qxc8 Rxb2 37. Rc1 Qb4 38. Qd8 Qd2 39. Rc7+ Kh6 40. Qxf6 1-0


[Site "https://www.chess.com"]

[Event "Titled Tuesday Blitz May 03 Late 2022"]
[White "Vlassov, Nikolai"]
[Black "Vovk, Orest"]
[WhiteFideId "4103360"]
[BlackFideId "14113490"]
[WhiteElo "2407"]
[BlackElo "2203"]
[Result "1-0"]
[Round "09"]
[TimeControl "180+1"]
[Date "2022.05.03"]
[WhiteClock "0:00:15"]
[BlackClock "0:00:04"]

1. g4 d5 2. Bg2 Bxg4 3. c4 d4 4. Bxb7 Nd7 5. Bxa8 Qxa8 6. f3 d3 7. Nc3 Ngf6 8. exd3 e6 9. Ne4 Bh5 10. Qa4 Bxf3 11. Nxf3 Nxe4 12. dxe4 Qxe4+ 13. Kf2 Bc5+ 14. d4 Bxd4+ 15. Nxd4 Qxd4+ 16. Be3 Qxb2+ 17. Kf3 Qf6+ 18. Ke2 Qb2+ 19. Kd3 Ke7 20. Rab1 Ne5+ 21. Ke4 f5+ 22. Kf4 g5+ 23. Kg3 f4+ 24. Kh3 g4+ 25. Kh4 Ng6+ 26. Kh5 Qe5+ 27. Kh6 Kf6 28. Bd4 Qxd4 29. Qb5 e5 30. Rhd1 Qe3 31. Qc6+ Kf7 32. Rd7+ Ne7 33. Rxe7+ Kxe7 34. Qxc7+ Kf6 35. Qd6+ Kf5 36. Qd7+ Ke4 37. Kg7 Ra8 38. Qd5+ Kf5 39. Qxa8 Qc3 40. Qc8+ Ke4 41. Qxg4 Qc2 42. Kxh7 Kd4+ 43. Qg6 Qxg6+ 44. Kxg6 f3 45. h4 f2 46. h5 e4 47. h6 e3 48. h7 e2 49. h8=Q+ Kd3 50. Rb3+ Kd2 51. Qd4+ Kc2 52. Qd3+ 1-0


[Site "https://www.chess.com"]

[Event "Titled Tuesday Blitz May 03 Late 2022"]
[White "Vujic, Mihailo"]
[Black "Petrova, Irina"]
[WhiteFideId "918873"]
[BlackFideId "14124122"]
[WhiteElo "2256"]
[BlackElo "1993"]
[Result "1-0"]
[Round "09"]
[TimeControl "180+1"]
[Date "2022.05.03"]
[WhiteClock "0:00:04"]
[BlackClock "0:00:01"]

1. e4 c5 2. Nf3 Nc6 3. c3 Nf6 4. e5 Nd5 5. d4 cxd4 6. Bc4 Nb6 7. Bb3 d5 8. exd6 Qxd6 9. Na3 dxc3 10. Qe2 a6 11. O-O Bg4 12. Bxf7+ Kxf7 13. Ng5+ Ke8 14. Qxg4 Qd7 15. Ne6 Nd4 16. Qxd4 Qxe6 17. Qxc3 Rc8 18. Qf3 Qd5 19. Qg3 Qf5 20. Be3 Nd5 21. Rac1 b5 22. Rxc8+ Qxc8 23. Rd1 Nxe3 24. Qxe3 g6 25. Qe5 Rg8 26. Nb1 Bg7 27. Qe2 Qc4 28. Qd2 Rf8 29. Qd7+ Kf7 30. Nd2 Qxa2 31. Nf3 Kg8 32. Qxe7 Qf7 33. Qd6 Bxb2 34. Qxa6 b4 35. Qb6 Bc3 36. Ng5 Qf6 37. Qc5 b3 38. Qd5+ Kg7 39. Ne6+ Kh6 40. f3 b2 41. Nxf8 Qxf8 42. Qd3 Qc5+ 43. Kf1 1-0


[Site "https://www.chess.com"]

[Event "Titled Tuesday Blitz May 03 Late 2022"]
[White "Vusatiuk, Vladimir"]
[Black "Zhou, Qiyu"]
[WhiteFideId "14118610"]
[BlackFideId "505161"]
[WhiteElo "2157"]
[BlackElo "1925"]
[Result "1-0"]
[Round "09"]
[TimeControl "180+1"]
[Date "2022.05.03"]
[WhiteClock "0:00:16"]
[BlackClock "0:00:01"]

1. d4 Nf6 2. c4 e6 3. Nc3 Bb4 4. e3 d5 5. Nf3 O-O 6. Bd2 c5 7. a3 Bxc3 8. Bxc3 cxd4 9. Nxd4 Nc6 10. cxd5 Nxd5 11. Nxc6 bxc6 12. Bd4 Re8 13. Bc4 e5 14. Bc5 Be6 15. O-O Nxe3 16. Qxd8 Rexd8 17. Bxe3 Bxc4 18. Rfc1 Bd5 19. b4 Rdb8 20. Rc5 Rb5 21. Rac1 a5 22. Rxb5 cxb5 23. bxa5 Bc4 24. Bb6 f5 25. f3 Kf7 26. Rd1 Ke6 27. Kf2 Bd5 28. Rc1 Bc4 29. Ke3 g6 30. h4 f4+ 31. Kf2 Kd5 32. Rd1+ Kc6 33. g3 Re8 34. Re1 fxg3+ 35. Kxg3 Kd5 36. a6 Kc6 37. Be3 Ra8 38. a7 Kb7 39. Rd1 Re8 40. Rd7+ Ka8 41. Rxh7 e4 42. fxe4 b4 43. axb4 Ba6 44. e5 Bb7 45. Kf4 Rf8+ 46. Kg5 Re8 47. Kf6 1-0


[Site "https://www.chess.com"]

[Event "Titled Tuesday Blitz May 03 Late 2022"]
[White "Winkels, Marcel"]
[Black "Aggelis, Nikolaos"]
[WhiteFideId "1003887"]
[BlackFideId "4213220"]
[WhiteElo "1900"]
[BlackElo "2154"]
[Result "0-1"]
[Round "09"]
[TimeControl "180+1"]
[Date "2022.05.03"]
[WhiteClock "0:00:02"]
[BlackClock "0:00:20"]

1. d4 d5 2. Bf4 c5 3. e3 Nc6 4. Nf3 Nf6 5. Be2 Qb6 6. O-O Qxb2 7. Nbd2 cxd4 8. Rb1 Qa3 9. exd4 e6 10. Bb5 Be7 11. Ne5 Bd7 12. Nxd7 Nxd7 13. Rb3 Qa5 14. Bxc6 bxc6 15. Rg3 Bf6 16. c3 O-O 17. Qh5 g6 18. Qh6 Bg7 19. Qh4 Qxa2 20. Nf3 f6 21. Bh6 Rf7 22. Re1 Nf8 23. Bxg7 Kxg7 24. Qf4 Qa3 25. Qe3 a5 26. h4 h5 27. Nd2 Qe7 28. Nf1 a4 29. Rf3 a3 30. Ra1 Nd7 31. Qd3 Nb6 32. Rg3 f5 33. Rg5 Nc4 34. Qg3 Rf6 35. Rxh5 Rh8 36. Rg5 e5 37. h5 Rh6 38. dxe5 Qxe5 39. Qxe5 Nxe5 0-1


[Site "https://www.chess.com"]

[Event "Titled Tuesday Blitz May 03 Late 2022"]
[White "Zhang, Derek"]
[Black "Wagner, Dennis"]
[WhiteFideId "2087871"]
[BlackFideId "24650684"]
[WhiteElo "2085"]
[BlackElo "2355"]
[Result "0-1"]
[Round "09"]
[TimeControl "180+1"]
[Date "2022.05.03"]
[WhiteClock "0:00:04"]
[BlackClock "0:01:38"]

1. Nf3 c5 2. c4 Nc6 3. e3 Nf6 4. Nc3 g6 5. d4 cxd4 6. exd4 d5 7. Bg5 Be6 8. Be2 Bg7 9. O-O O-O 10. b3 Ne4 11. Nxd5 Nxg5 12. Nxg5 Nxd4 13. Nf4 Bf5 14. Rc1 Bh6 15. h4 f6 16. Ngh3 Bxh3 17. Nxh3 Bxc1 0-1


[Site "https://www.chess.com"]